[Event "*** SCC Grand Prix: Titled Tuesday Blitz"]
[Site "Chess.com"]
[Date "2020.10.06"]
[Round "9"]
[White "Supernotar"]
[Black "ORS1984"]
[Result "1-0"]
[WhiteElo "2809"]
[BlackElo "2530"]
[TimeControl "180+1"]
[EndTime "11:45:12 PDT"]
[Termination "Supernotar won by checkmate"]

1. d4 d5 2. c4 c6 3. e3 Nf6 4. Bd3 e6 5. Nd2 Nbd7 6. Ngf3 b6 7. O-O Bb7 8. Qe2 Be7 9. b3 O-O 10. Bb2 h6 11. e4 dxe4 12. Nxe4 Nxe4 13. Qxe4 Nf6 14.
Qh4 c5 15. Rad1 Qe8 16. Ne5 Ne4 17. Qg4 f5 18. Qe2 cxd4 19. Bxe4 Bxe4 20. Bxd4 Rd8 21. Bc3 Bc5 22. Kh1 Rf6 23. Rxd8 Qxd8 24. Rd1 Qe8 25. f3 Ba8 26. Rd7 Rf8 27. Qd2 Qh5 28. b4 Qh4 29. Ng6 Qf2 30. Rxg7# 1-0

[Event "*** SCC Grand Prix: Titled Tuesday Blitz"]
[Site "Chess.com"]
[Date "2020.10.06"]
[Round "9"]
[White "Margency"]
[Black "Gabix_94"]
[Result "0-1"]
[WhiteElo "2656"]
[BlackElo "2803"]
[TimeControl "180+1"]
[EndTime "11:45:14 PDT"]
[Termination "Gabix_94 won by resignation"]

1. e4 c5 2. Nf3 Nc6 3. d4 cxd4 4. Nxd4 Qb6 5. Nb3 Nf6 6. Nc3 e6 7. Bd3 a6 8. Be3 Qc7 9. f4 d6 10. Qf3 b5 11. O-O-O Bb7 12. g4 Nb4 13. Kb1 d5 14. Rd2 Nxd3 15. cxd3 b4 16. Nxd5 exd5 17. Rc1 Qd7 18. Bc5 dxe4 19. Re1 Be7 20. dxe4 Qxg4 21.
Qxg4 Nxg4 22. Bxe7 Kxe7 23. Na5 Rab8 24. h3 Nf6 25. e5 Nh5 26. Rd4 Ba8 27. f5 Rhd8 28. Rh4 g6 29. f6+ Ke8 30. Nc4 Bd5 31. Nd6+ Kf8 32. b3 Be6 33. Kb2 Nxf6 34. exf6 Rxd6 35.
Rxh7 Kg8 36. Rg7+ Kh8 37. Re4 Rd5 38. Rxe6 fxe6 39. Rxg6 Rf5 40. a4 0-1

[Event "*** SCC Grand Prix: Titled Tuesday Blitz"]
[Site "Chess.com"]
[Date "2020.10.06"]
[Round "9"]
[White "Kotofeyca"]
[Black "mr65"]
[Result "1-0"]
[WhiteElo "2354"]
[BlackElo "2163"]
[TimeControl "180+1"]
[EndTime "11:45:14 PDT"]
[Termination "Kotofeyca won by resignation"]

1. d4 Nf6 2. c4 g6 3. f3 Bg7 4. e4 d6 5. Nc3 O-O 6. Be3 Nc6 7. Nge2 a6 8. a3 Rb8 9. b4 b5 10. cxb5 axb5 11. d5 Ne5 12. Nd4 c5 13. dxc6 Nc4 14.
Bxc4 bxc4 15. O-O d5 16. e5 Ne8 17. f4 f6 18. exf6 Bxf6 19. b5 Nc7 20. Rb1 Bf5 21. b6 Bxb1 22. bxc7 Qxc7 23. Nxb1 Bxd4 24. Bxd4 Rxf4 25. Rxf4 Qxf4 26. Nc3 e6 27. a4 Rb2 28. Nb5 Rd2 29. Qe1 Rxd4 30. Qxe6+ Kg7 31. Qe7+ Kh6 32. Nxd4 Qxd4+ 33. Kf1 Qd1+ 34. Kf2 Qd2+ 35. Kf3 Qd3+ 36. Qe3+ Qxe3+ 37. Kxe3 1-0

[Event "*** SCC Grand Prix: Titled Tuesday Blitz"]
[Site "Chess.com"]
[Date "2020.10.06"]
[Round "9"]
[White "kinga2008"]
[Black "VladimirBugayev"]
[Result "1-0"]
[WhiteElo "2163"]
[BlackElo "2283"]
[TimeControl "180+1"]
[EndTime "11:45:14 PDT"]
[Termination "kinga2008 won by checkmate"]

1. e4 c6 2. d4 d5 3. e5 Bf5 4. Nc3 e6 5. g4 Bg6 6. Nge2 c5 7. h4 h5 8. Nf4 Bh7 9. g5 Bf5 10. Bd3 g6 11. Bxf5 gxf5 12. g6 fxg6 13. Nxg6 Rh7 14. Nxf8 Kxf8 15. Be3 cxd4 16. Bxd4 Nc6 17. Ne2 Rg7 18.
Nf4 Qe8 19. Nxh5 Rg4 20. Bc5+ Kf7 21. f3 Rg2 22. Nf4 Rg7 23. Bd4 Rc8 24. c3 Nxd4 25.
cxd4 Qb5 26. Qd2 Ne7 27. h5 Rgg8 28. h6 Nc6 29. h7 Rh8 30. Qg2 Ne7 31. Qg5 Qb4+ 32.
Kf1 Qxb2 33. Qh5+ Kf8 34. Nxe6# 1-0

[Event "*** SCC Grand Prix: Titled Tuesday Blitz"]
[Site "Chess.com"]
[Date "2020.10.06"]
[Round "9"]
[White "Kaslask"]
[Black "BikingBrian"]
[Result "1-0"]
[WhiteElo "2313"]
[BlackElo "2190"]
[TimeControl "180+1"]
[EndTime "11:45:15 PDT"]
[Termination "Kaslask won by resignation"]

1. d4 Nf6 2. c4 g6 3. Nc3 Bg7 4. e4 d6 5. Be2 O-O 6. Be3 Na6 7.
f4 e5 8. fxe5 dxe5 9. d5 c6 10.
Nf3 cxd5 11. cxd5 Bg4 12. O-O Bxf3 13. Bxf3 Nd7 14. Rc1 f5 15. Nb5 fxe4 16. Bxe4 Qh4 17. Bf3 Bh6 18. Bf2 Qb4 19. Nc7 Bxc1 20. Qxc1 Rac8 21.
Nxa6 Rxc1 22. Nxb4 Rxf1+ 23. Kxf1 a5 24. Nc2 Nf6 25.
Ne3 e4 26. Be2 Rd8 27. Bc4 Kg7 28. Bh4 Rb8 29. a4 h6 30. b3 g5 31. Bg3 Re8 32. Bc7 Nd7 33. Bb5 Re7 34. Nf5+ 1-0

[Event "*** SCC Grand Prix: Titled Tuesday Blitz"]
[Site "Chess.com"]
[Date "2020.10.06"]
[Round "9"]
[White "shriyanasmallya"]
[Black "canary2016"]
[Result "0-1"]
[WhiteElo "1620"]
[BlackElo "1903"]
[TimeControl "180+1"]
[EndTime "11:45:18 PDT"]
[Termination "canary2016 won by checkmate"]

1. e4 c5 2. Nc3 a6 3. f4 d6 4.
Nf3 g6 5. g3 Bg7 6. Bg2 Nf6 7.
O-O O-O 8. d3 Nc6 9. f5 Nd7 10.
Be3 Nde5 11. Qd2 gxf5 12. exf5 Nxf3+ 13. Rxf3 Ne5 14. Rff1 Bd7 15. Bh6 Rb8 16. Qg5 Ng6 17.
fxg6 fxg6 18. Rxf8+ Qxf8 19. Bxg7 Qxg7 20. Bxb7 Qd4+ 21. Kg2 Rxb7 22. Rf1 Bc6+ 23. Kh3 Qg7 24. Qe3 Rxb2 25. Qe6+ Kh8 26. Qc8+ Qg8 27. Rf8 Bd7+ 28. Qxd7 Qxf8 29. Ne4 Qf5+ 30. Qxf5 gxf5 31. Nc3 Rxc2 32.
Nd5 Rxa2 33. Nxe7 Ra3 34. Nxf5 Rxd3 35. Ne7 c4 36. Nc6 c3 37. Nb4 Rd2 38. Nxa6 c2 39. Nb4 c1=Q 40. Na2 Rxa2 41. Kh4 Qc4+ 42. g4 Rxh2+ 43.
Kg5 Qd5+ 44. Kf6 Qe5+ 45. Kf7 Rf2# 0-1

[Event "*** SCC Grand Prix: Titled Tuesday Blitz"]
[Site "Chess.com"]
[Date "2020.10.06"]
[Round "9"]
[White "nrvisakh"]
[Black "Beca95"]
[Result "1-0"]
[WhiteElo "2792"]
[BlackElo "2895"]
[TimeControl "180+1"]
[EndTime "11:45:21 PDT"]
[Termination "nrvisakh won by resignation"]

1. e4 c5 2. Nf3 d6 3. d4 cxd4 4. Nxd4 Nf6 5. Nc3 a6 6. Be3 e5 7. Nf3 Be7 8. Bc4 Nc6 9. O-O Na5 10. Bb3 O-O 11. Bg5 Nxb3 12. axb3 Ne8 13. Bxe7 Qxe7 14. Nd5 Qd8 15. c4 Be6 16. Ne1 Rc8 17. Nc2 f5 18. exf5 Bxf5 19. Nce3 Bg6 20. f4 Nf6 21. fxe5 dxe5 22.
Nxf6+ Rxf6 23. Qxd8+ Rxd8 24. Nd5 Rxf1+ 25. Rxf1 Bf7 26.
Ne7+ Kf8 27. Nd5 g6 28. Nf6 h6 29. Ng4 Kg7 30. Nxe5 Be6 31. h3 Rd2 32. Rf2 Rd1+ 33.
Kh2 Re1 34. Nd3 Re3 35. Nc5 Bc8 36. Rd2 b6 37. Nd3 Bf5 38. Nc1 h5 39. Re2 Rxe2 40. Nxe2 h4 41. Nc3 Kf6 42. Nd5+ Ke5 43. Nxb6 Kd4 44.
b4 Bd3 45. c5 Be4 46. Kg1 Bc6 47. Kf2 g5 48. Nc8 Kc4 49. Ne7 1-0

[Event "*** SCC Grand Prix: Titled Tuesday Blitz"]
[Site "Chess.com"]
[Date "2020.10.06"]
[Round "9"]
[White "shnitez"]
[Black "tdf98pantani"]
[Result "0-1"]
[WhiteElo "2550"]
[BlackElo "2721"]
[TimeControl "180+1"]
[EndTime "11:45:29 PDT"]
[Termination "tdf98pantani won by resignation"]

1. c4 g6 2. d4 Bg7 3. Nf3 Nf6 4. Nc3 O-O 5. e4 d6 6. Be2 e5 7. O-O Nc6 8. d5 Ne7 9. Bg5 Nh5 10. Re1 h6 11. Bd2 c5 12. dxc6 bxc6 13. b4 Nf4 14.
Bf1 Ne6 15. b5 c5 16. Nd5 f5 17. a4 f4 18. a5 g5 19. a6 Nxd5 20. exd5 Nd4 21.
Nxd4 cxd4 22. Bd3 g4 23. Qc2 Qh4 24. g3 Qh3 25. Bf1 Qh5 26. c5 Bf5 27. Qc4 Rac8 28. c6 Bg6 29. b6 axb6 30. a7 fxg3 31. hxg3 e4 32. Bg2 e3 33. fxe3 dxe3 34. Bxe3 Bxa1 35. Rxa1 Qe5 36. Re1 Qxg3 37. Bf2 Qxf2+ 0-1

[Event "*** SCC Grand Prix: Titled Tuesday Blitz"]
[Site "Chess.com"]
[Date "2020.10.06"]
[Round "9"]
[White "OhanyanEminChess"]
[Black "LedakovAlexandr"]
[Result "1-0"]
[WhiteElo "2592"]
[BlackElo "2470"]
[TimeControl "180+1"]
[EndTime "11:45:29 PDT"]
[Termination "OhanyanEminChess won on time"]

1. e4 e5 2. Nc3 Nf6 3. Bc4 Nxe4 4.
Qh5 Nd6 5. Bb3 Nc6 6. Nb5 g6 7.
Qf3 f5 8. Qd5 Qf6 9. Nxc7+ Kd8 10. Nxa8 b6 11. Qf3 Bb7 12. Qh3 Bxa8 13. d3 Nd4 14.
Nf3 Nxf3+ 15. gxf3 Kc7 16. Rg1 e4 17. fxe4 fxe4 18.
d4 Qxd4 19. Bf4 Qxb2 20. Rd1 Qf6 21. Qg3 Be7 22. Be5 Qf8 23. Qc3+ Bc6 24. Bxh8 Nb5 25.
Qg7 Bb4+ 26. Kf1 Qf3 27. Qe5+ d6 28. Qe7+ Bd7 29. c3 Bc5 30. Bd4 Nxd4 31. cxd4 e3 32. Qxe3 Bh3+ 33. Ke1 Bb4+ 34. Rd2 Bxd2+ 35. Kxd2 Qh5 36.
Rc1+ Kd8 37. Qf4 Qa5+ 38. Kd1 Qh5+ 39. f3 1-0

[Event "*** SCC Grand Prix: Titled Tuesday Blitz"]
[Site "Chess.com"]
[Date "2020.10.06"]
[Round "9"]
[White "Zq1"]
[Black "AttackSparrow"]
[Result "0-1"]
[WhiteElo "2504"]
[BlackElo "2404"]
[TimeControl "180+1"]
[EndTime "11:45:31 PDT"]
[Termination "AttackSparrow won on time"]

1. c4 e5 2. g3 Nc6 3. Bg2 Bc5 4. Nc3 d6 5. e3 a6 6. Nge2 Ba7 7. O-O h5 8. b3 h4 9. Bb2 Nf6 10. Nd5 Be6 11. d4 hxg3 12. fxg3 Ng4 13. h3 Bxd5 14. Bxd5 Nxe3 15. Bxf7+ Kd7 16. Qd3 Qg5 17. Rf3 Raf8 18. Qxe3 Qxe3+ 19. Rxe3 Rxf7 20. Kg2 exd4 21. Rd3 Ne5 22. Rd2 d3 23. Nf4 Be3 24. Nxd3 Bxd2 25. Bxe5 Re8 0-1

[Event "*** SCC Grand Prix: Titled Tuesday Blitz"]
[Site "Chess.com"]
[Date "2020.10.06"]
[Round "9"]
[White "Cocaino74"]
[Black "icychess54"]
[Result "0-1"]
[WhiteElo "2356"]
[BlackElo "2273"]
[TimeControl "180+1"]
[EndTime "11:45:31 PDT"]
[Termination "icychess54 won by resignation"]

1. e4 c5 2. Nf3 d6 3. Bb5+ Bd7 4. Bxd7+ Nxd7 5. O-O e6 6. c3 Ngf6 7. d4 Nxe4 8. d5 e5 9. Re1 f5 10. Nbd2 Nxd2 11.
Bxd2 Be7 12. b4 e4 13. Bf4 O-O 14. Nd2 g5 15. Be3 f4 16. Nxe4 fxe3 17. Rxe3 cxb4 18. Rh3 bxc3 19. Qh5 Rf7 20. Rg3 Rg7 21. h4 Nf6 22. Nxf6+ Bxf6 23. Qe2 Be5 24. Rg4 gxh4 25. Rxg7+ Kxg7 26. Qg4+ Kh8 27. Re1 Qf6 28. Kh1 Rg8 29. Qh3 Qxf2 30.
Rxe5 0-1

[Event "*** SCC Grand Prix: Titled Tuesday Blitz"]
[Site "Chess.com"]
[Date "2020.10.06"]
[Round "9"]
[White "WPWPWP-2015"]
[Black "northridgehawk"]
[Result "1-0"]
[WhiteElo "2442"]
[BlackElo "2301"]
[TimeControl "180+1"]
[EndTime "11:45:32 PDT"]
[Termination "WPWPWP-2015 won by resignation"]

1. e4 e5 2. Nf3 Nc6 3. d4 exd4 4. Nxd4 Qh4 5. Nc3 Bb4 6. Nb5 Nf6 7. Nxc7+ Kd8 8. Nxa8 Nxe4 9. Qf3 Re8 10. Be3 Nd4 11.
Qxf7 Nxc3 12. bxc3 Bxc3+ 13. Kd1 Rxe3 14. Bd3 Re7 15. Qc4 d5 16. Qxc3 Qxf2 17. Rf1 Bg4+ 18. Kc1 Qe3+ 19. Kb2 Nc6 20. Rae1 d4 21. Qc5 Qxe1 22.
Rxe1 Rxe1 23. Qg5+ Kc8 24. Qxg4+ Kb8 25. Qg3+ Re5 26.
Bb5 Kxa8 27. Bxc6 Rc5 28. Qd6 1-0

[Event "*** SCC Grand Prix: Titled Tuesday Blitz"]
[Site "Chess.com"]
[Date "2020.10.06"]
[Round "9"]
[White "SophieNikoladze"]
[Black "Happy1712Drummer"]
[Result "0-1"]
[WhiteElo "2272"]
[BlackElo "2402"]
[TimeControl "180+1"]
[EndTime "11:45:32 PDT"]
[Termination "Happy1712Drummer won by resignation"]

1. d4 e6 2. Nf3 Nf6 3. e3 c5 4. b3 b6 5. Bb2 Bb7 6. Bd3 Be7 7. Nbd2 O-O 8. O-O d6 9. c4 a6 10.
Qc2 Nbd7 11. e4 cxd4 12. Bxd4 e5 13. Bb2 Nc5 14. Rfe1 Rc8 15. Bf1 b5 16. Qd1 bxc4 17. Bxc4 Ncxe4 18. Nxe4 Nxe4 19. Bd5 Bxd5 20. Qxd5 Nf6 21.
Qd2 Qb6 22. Rad1 h6 23. Ba3 Rfd8 24. Qe2 Bf8 25. Nh4 Qa5 26. Qb2 e4 27. Re3 Qg5 28. g3 d5 29. Bxf8 Rxf8 30. Qd4 Rfd8 31. f3 Rc2 32.
fxe4 Ng4 33. Red3 Nxh2 34. exd5 Rxa2 35. d6 Ng4 36. d7 Ne5 37. Qb6 Nxd3 38. Qc7 Qe3+ 0-1

[Event "*** SCC Grand Prix: Titled Tuesday Blitz"]
[Site "Chess.com"]
[Date "2020.10.06"]
[Round "9"]
[White "Omk124"]
[Black "olksuna"]
[Result "0-1"]
[WhiteElo "2488"]
[BlackElo "2627"]
[TimeControl "180+1"]
[EndTime "11:45:33 PDT"]
[Termination "olksuna won by checkmate"]

1. e4 Nf6 2. e5 Nd5 3. d4 d6 4.
c4 Nb6 5. exd6 exd6 6. Nf3 Be7 7. Nc3 O-O 8. Be2 Bg4 9. b3 c6 10. O-O d5 11. c5 N6d7 12. Bf4 Nf6 13. h3 Bh5 14.
Ne5 Bxe2 15. Qxe2 Nbd7 16. b4 a6 17. a4 Re8 18. b5 axb5 19. axb5 Rxa1 20. Rxa1 Bxc5 21.
dxc5 Nxe5 22. Bxe5 Nd7 23. bxc6 bxc6 24. Bc7 Qc8 25. Qa6 Qxc7 26. Na4 h5 27. Rc1 Re4 28. Nb6 Nxc5 29. Qa5 Nb3 30. Qa8+ Kh7 31. Nxd5 Qe5 32. Ne7 Qxe7 33. Rb1 Re1+ 34. Rxe1 Qxe1+ 35. Kh2 Qe5+ 36. g3 Nd4 37. Qa2 Qe4 38. Qb2 Nf3+ 39. Kh1 Ne1+ 40.
Kh2 Qg2# 0-1

[Event "*** SCC Grand Prix: Titled Tuesday Blitz"]
[Site "Chess.com"]
[Date "2020.10.06"]
[Round "9"]
[White "Korchmar_Vasiliy"]
[Black "barriochess"]
[Result "0-1"]
[WhiteElo "2568"]
[BlackElo "2353"]
[TimeControl "180+1"]
[EndTime "11:45:36 PDT"]
[Termination "barriochess won by checkmate"]

1. e4 d6 2. d4 Nf6 3. Nc3 g6 4. f3 c6 5. Be3 Nbd7 6. Qd2 b5 7. O-O-O b4 8. Nce2 a5 9. Kb1 Nb6 10. Nc1 Ba6 11. Bxa6 Rxa6 12. Qe2 Qc8 13. d5 cxd5 14. exd5 Bg7 15. Bd4 Nbxd5 16. Qb5+ Kf8 17. Nge2 Ra8 18. g4 Nc7 19. Qd3 Ne6 20. Be3 h5 21. h3 Qc6 22.
Nd4 Nxd4 23. Bxd4 Rc8 24. Rhe1 hxg4 25. fxg4 e5 26. Bg1 Ne8 27. Rf1 Kg8 28. Nb3 a4 29.
Nd2 d5 30. Rc1 e4 31. Qe2 a3 32. Nb3 Bxb2 33. Bd4 Bxd4 34. Nxd4 Qc3 35. Qe3 Qb2# 0-1

[Event "*** SCC Grand Prix: Titled Tuesday Blitz"]
[Site "Chess.com"]
[Date "2020.10.06"]
[Round "9"]
[White "sokidze"]
[Black "vaishali2001"]
[Result "1-0"]
[WhiteElo "2699"]
[BlackElo "2543"]
[TimeControl "180+1"]
[EndTime "11:45:37 PDT"]
[Termination "sokidze won by resignation"]

1. d4 Nf6 2. g3 g6 3. Bg2 d5 4.
Nf3 Bg7 5. c4 c6 6. Qb3 O-O 7.
O-O Qb6 8. Nc3 Rd8 9. Bd2 Bf5 10. Rfc1 dxc4 11. Qxc4 Na6 12. Ng5 Rxd4 13. Qxf7+ Kh8 14. Be3 Rf8 15. Qxe7 Ng4 16. Bxd4 Qxd4 17. e3 Qd2 18. Rf1 h6 19. Nf7+ Kh7 20. Ne4 Qxb2 21. Rab1 Qxa2 22. Rxb7 Rg8 23. h3 Bxe4 24. Bxe4 Rf8 1-0

[Event "*** SCC Grand Prix: Titled Tuesday Blitz"]
[Site "Chess.com"]
[Date "2020.10.06"]
[Round "9"]
[White "ARTHURMOTIVATOR"]
[Black "ChessicallyInclined"]
[Result "0-1"]
[WhiteElo "2329"]
[BlackElo "2509"]
[TimeControl "180+1"]
[EndTime "11:45:38 PDT"]
[Termination "ChessicallyInclined won by resignation"]

1. e4 d6 2. d4 Nf6 3. Nc3 g6 4. Bg5 c6 5. Qd2 Nbd7 6. f4 d5 7. e5 Ne4 8. Nxe4 dxe4 9. Bc4 Nb6 10. Bb3 h6 11. Bh4 g5 12. fxg5 hxg5 13. Bxg5 Bf5 14.
Ne2 Qd7 15. O-O-O e6 16. h3 a5 17. a4 Nd5 18. g4 Bg6 19. h4 b5 20. h5 Bh7 21. Bf6 Rg8 22. g5 e3 23. Qe1 Nxf6 24. gxf6 Bh6 25. Kb1 b4 26. Nc1 O-O-O 27. Ka2 Kb7 28.
c3 Rg2 29. cxb4 Rd2 30. bxa5 Qxd4 31. a6+ Ka7 32. Rxd2 exd2 33. Qf1 0-1

[Event "*** SCC Grand Prix: Titled Tuesday Blitz"]
[Site "Chess.com"]
[Date "2020.10.06"]
[Round "9"]
[White "brunomorado"]
[Black "szefru"]
[Result "0-1"]
[WhiteElo "2431"]
[BlackElo "2225"]
[TimeControl "180+1"]
[EndTime "11:45:39 PDT"]
[Termination "szefru won on time"]

1. d4 Nf6 2. Nc3 g6 3. e4 Bg7 4. e5 Ng8 5. Bc4 e6 6. Qf3 d5 7. Bb5+ Bd7 8. h4 c5 9. Bg5 Qa5 10. Bxd7+ Nxd7 11. Ne2 cxd4 12. Nxd4 Nxe5 13. Qd1 h6 14.
Bf4 Nc4 15. O-O Nxb2 16. Qd2 Nc4 17. Qd3 Ne7 18. Rab1 b6 19. Rfe1 O-O 20. Rb5 Qa6 21. Nxd5 Nxd5 22. Qxc4 Nxf4 0-1

[Event "*** SCC Grand Prix: Titled Tuesday Blitz"]
[Site "Chess.com"]
[Date "2020.10.06"]
[Round "9"]
[White "OldweakGM"]
[Black "GregShahade"]
[Result "1-0"]
[WhiteElo "2838"]
[BlackElo "2658"]
[TimeControl "180+1"]
[EndTime "11:45:40 PDT"]
[Termination "OldweakGM won on time"]

1. Nf3 Nf6 2. d4 g6 3. Bf4 Bg7 4. e3 O-O 5. h3 d6 6. c4 Nbd7 7. Nc3 Qe8 8. Be2 e5 9. Bh2 b6 10. Nb5 Qd8 11. dxe5 Ne4 12. exd6 cxd6 13. Nbd4 Bb7 14.
O-O Ne5 15. Rc1 Rc8 16. b3 a6 17. a4 Qe7 18. Qc2 Bh6 19. Nxe5 dxe5 20. Nf3 Rfd8 21.
Bxe5 Nxf2 22. Bd4 Rxd4 23. exd4 Bxc1 24. Qxc1 Nxh3+ 25. gxh3 Qxe2 26. Qf4 Re8 27. Re1 Qxe1+ 28. Nxe1 Rxe1+ 29. Kf2 Re7 30. Qd6 Kf8 31. d5 f6 32. Qxb6 Bc8 33. Qd8+ Re8 34. Qd6+ Kg8 35. h4 1-0

[Event "*** SCC Grand Prix: Titled Tuesday Blitz"]
[Site "Chess.com"]
[Date "2020.10.06"]
[Round "9"]
[White "Abdimalik_Abdisalimov"]
[Black "arminmusovic"]
[Result "0-1"]
[WhiteElo "2739"]
[BlackElo "2564"]
[TimeControl "180+1"]
[EndTime "11:45:40 PDT"]
[Termination "arminmusovic won by resignation"]

1. d4 d5 2. c4 c5 3. cxd5 e6 4. Nf3 exd5 5. Nc3 Nc6 6. Bg5 f6 7. Be3 c4 8. g3 Bb4 9. Bg2 Nge7 10. O-O O-O 11. Bc1 Re8 12. Ne1 Bg4 13. f3 Bh5 14. Nc2 Ba5 15. g4 Bg6 16. e4 Kh8 17. h4 dxe4 18.
fxe4 Ng8 19. Re1 Bc7 20. h5 Bf7 21. Be3 Qd6 22. Qf3 Qh2+ 23. Kf2 Qh4+ 24. Ke2 Nh6 25. Bh3 Rad8 26. Rh1 f5 27. Bxh6 gxh6 28. Qxf5 Be6 29. Qf2 Qxf2+ 30. Kxf2 Nxd4 31. Nxd4 Rxd4 32. Rad1 Be5 33.
Rxd4 Bxd4+ 34. Ke2 a6 35. Rd1 Be5 36. a4 Kg7 37.
Rd2 Kf6 38. Nd5+ Kg5 39. Nc7 Bxc7 0-1

[Event "*** SCC Grand Prix: Titled Tuesday Blitz"]
[Site "Chess.com"]
[Date "2020.10.06"]
[Round "9"]
[White "juli2512"]
[Black "SergeyShtyka"]
[Result "1-0"]
[WhiteElo "2066"]
[BlackElo "2226"]
[TimeControl "180+1"]
[EndTime "11:45:43 PDT"]
[Termination "juli2512 won on time"]

1. e4 c5 2. Nf3 Nc6 3. d3 e6 4. g3 d5 5. exd5 exd5 6. Bg2 Nf6 7. O-O Be7 8. Re1 O-O 9. Bf4 h6 10. Ne5 Nxe5 11. Bxe5 Bg4 12. Qc1 Qd7 13. Nc3 d4 14. Bxf6 Bxf6 15. Ne4 Be7 16. Qf4 f5 17. h3 Bh5 18. Qe5 Rac8 19. Nd2 Bf6 20. Qd5+ Qxd5 21. Bxd5+ Kh7 22. a4 b6 23. Be6 Bg5 24. Nc4 Rce8 25. Nd6 Re7 26. Bxf5+ g6 27. Be4 Rd7 28. Nc4 Bf3 29.
Ne5 1-0

[Event "*** SCC Grand Prix: Titled Tuesday Blitz"]
[Site "Chess.com"]
[Date "2020.10.06"]
[Round "9"]
[White "Sven_Tica"]
[Black "chenxiaoyuer"]
[Result "0-1"]
[WhiteElo "2641"]
[BlackElo "2513"]
[TimeControl "180+1"]
[EndTime "11:45:46 PDT"]
[Termination "chenxiaoyuer won by resignation"]

1. d4 Nf6 2. c4 g6 3. Nc3 Bg7 4. Bf4 O-O 5. e3 d6 6. Be2 Nfd7 7. h3 e5 8. Bh2 Nc6 9. Nf3 f5 10. O-O Kh8 11. Rb1 Ne7 12. b4 e4 13. Nd2 Nf6 14.
a4 g5 15. b5 c6 16. bxc6 bxc6 17. c5 dxc5 18. dxc5 Nfd5 19. Nxd5 Nxd5 20. Bd6 Nc3 21.
Qe1 Nxb1 22. Nxb1 Re8 23. Bh5 Re6 24. Bf7 Rxd6 25. cxd6 Ba6 26. Qd1 Bxf1 27. Kxf1 Be5 28. d7 Qb6 29. Be8 f4 30. Nd2 fxe3 31. Nc4 Qd4 32.
Qe2 exf2 33. g4 Qa1+ 34. Kxf2 Bd4+ 35. Ne3 Qc3 36. a5 Kg7 37. a6 Kf6 38. h4 gxh4 39.
g5+ Ke7 40. g6 hxg6 0-1

[Event "*** SCC Grand Prix: Titled Tuesday Blitz"]
[Site "Chess.com"]
[Date "2020.10.06"]
[Round "9"]
[White "misterlamine"]
[Black "boasovietica"]
[Result "0-1"]
[WhiteElo "2310"]
[BlackElo "2445"]
[TimeControl "180+1"]
[EndTime "11:45:46 PDT"]
[Termination "boasovietica won by resignation"]

1. d4 Nf6 2. c4 c5 3. e3 cxd4 4. exd4 d5 5. Nc3 g6 6. Nf3 Bg7 7. Be2 dxc4 8. Bxc4 O-O 9. O-O Nc6 10. Be3 Bg4 11.
a3 Bxf3 12. Qxf3 Nxd4 13. Qxb7 Rb8 14. Qxa7 Ng4 15. Bg5 Qd6 16. f4 Nc6 17. Qa4 Qc5+ 18. Kh1 Ne3 19. Bb5 Nxf1 20. Bxc6 Rxb2 21. Ne4 Qc2 22. Qxc2 Rxc2 23. Rxf1 Rxc6 24. f5 gxf5 25. Rxf5 Rfc8 26. h4 f6 27. Bf4 Rc4 28. Ng3 e6 29. Rb5 Rxf4 30. Rb7 Rxh4+ 31. Kg1 f5 32. Kf2 Bd4+ 33.
Kf3 Rc3+ 34. Ke2 Rxg3 0-1

[Event "*** SCC Grand Prix: Titled Tuesday Blitz"]
[Site "Chess.com"]
[Date "2020.10.06"]
[Round "9"]
[White "PIwan"]
[Black "GustavoJuarezF"]
[Result "1-0"]
[WhiteElo "2523"]
[BlackElo "2037"]
[TimeControl "180+1"]
[EndTime "11:45:50 PDT"]
[Termination "PIwan won on time"]

1. c4 e5 2. Nc3 Nc6 3. Nf3 g6 4. d4 exd4 5. Nxd4 Bg7 6. Nxc6 bxc6 7. g3 d6 8. Bg2 Bd7 9. O-O Ne7 10. Qc2 O-O 11.
b3 Rb8 12. Bb2 c5 13. Rad1 Bc6 14. e4 Qc8 15. f4 f5 16. Rfe1 fxe4 17. Nxe4 Bxe4 18.
Bxe4 Nf5 19. Bd5+ Kh8 20. Be6 Qd8 21. Bxf5 Rxf5 22. Re6 Rf7 23. Rde1 Qf8 24. R1e4 Bxb2 25. Qxb2+ Qg7 26. Re8+ Rf8 27. Qxg7+ Kxg7 28. R4e7+ Kf6 29.
Rxf8+ Rxf8 30. Rxc7 h5 31. Rxa7 Re8 32. Kf2 Kf5 33. Kf3 1-0

[Event "*** SCC Grand Prix: Titled Tuesday Blitz"]
[Site "Chess.com"]
[Date "2020.10.06"]
[Round "9"]
[White "SanchezKelvin"]
[Black "ehrenfeld"]
[Result "1-0"]
[WhiteElo "2403"]
[BlackElo "2497"]
[TimeControl "180+1"]
[EndTime "11:45:51 PDT"]
[Termination "SanchezKelvin won by resignation"]

1. d4 Nf6 2. c4 e6 3. Nf3 Bb4+ 4. Nbd2 d6 5. g3 Nbd7 6. Bg2 e5 7. O-O O-O 8. Nb1 c6 9. a3 Ba5 10. b4 Bc7 11. dxe5 dxe5 12. Bb2 e4 13. Nd4 Ne5 14. Qb3 Qe7 15. Nc2 Be6 16. Ne3 Rad8 17. Qc2 Bg4 18.
Nc3 Ng6 19. Nxe4 Nxe4 20. Bxe4 Bxe2 21. Bxg6 Bxf1 22. Bxh7+ Kh8 23. Rxf1 Be5 24. Bxe5 Qxe5 25. Be4 Rd4 26. Bg2 Rfd8 27. c5 g6 28. Nc4 Qe6 29. Nd6 Kg8 30. Rd1 Rxd1+ 31. Qxd1 a5 32. Qd3 axb4 33.
axb4 b6 34. Bxc6 Qe1+ 35. Kg2 Qxb4 36. Qd5 Qxc5 37. Qxf7+ Kh8 38. Qf6+ Kh7 39. Qxd8 Qxc6+ 40. Kh3 1-0

[Event "*** SCC Grand Prix: Titled Tuesday Blitz"]
[Site "Chess.com"]
[Date "2020.10.06"]
[Round "9"]
[White "GianmarcoVaR"]
[Black "albi1999"]
[Result "0-1"]
[WhiteElo "2471"]
[BlackElo "2599"]
[TimeControl "180+1"]
[EndTime "11:45:52 PDT"]
[Termination "albi1999 won on time"]

1. e4 e6 2. d4 d5 3. exd5 exd5 4. Nf3 Nf6 5. c4 Bb4+ 6. Nc3 O-O 7. cxd5 Nxd5 8.
Bd2 Nc6 9. Be2 h6 10. O-O Be6 11. Qc2 Re8 12. Rfe1 Qf6 13. a3 Bxc3 14. bxc3 Nf4 15. Bxf4 Qxf4 16. Nd2 Bd5 17. Bf3 Bxf3 18. Nxf3 b6 19. Qd3 Rad8 20. Re3 Qd6 21. Qe2 Rxe3 22. fxe3 Na5 23. Ne5 c5 24. Rf1 Qe6 25. Qa6 f6 26. Nf3 Qxe3+ 27. Kh1 Qxc3 28. Qxa7 cxd4 29. Qxb6 Nc6 30.
Qb1 Qxa3 31. Qe4 Qd6 32. Nh4 Qd5 33. Qg6 Ne5 34. Qg3 Qc4 35. Re1 Qc3 36. Qf2 Nd3 0-1

[Event "*** SCC Grand Prix: Titled Tuesday Blitz"]
[Site "Chess.com"]
[Date "2020.10.06"]
[Round "9"]
[White "kngopal"]
[Black "ThePatrick27"]
[Result "1-0"]
[WhiteElo "2275"]
[BlackElo "2542"]
[TimeControl "180+1"]
[EndTime "11:45:52 PDT"]
[Termination "kngopal won by resignation"]

1. e4 e6 2. d4 d5 3. e5 c5 4. c3 Nc6 5. Nf3 Bd7 6. Bd3 Rc8 7. a3 cxd4 8. cxd4 Qb6 9. O-O Nge7 10. Nc3 Ng6 11.
Be3 Be7 12. Qd2 Na5 13. g3 Nb3 14. Qe2 Nxa1 15. Rxa1 O-O 16. h4 Rfd8 17. h5 Nf8 18.
Rd1 h6 19. g4 Bxa3 20. Rd2 Bb4 21. g5 hxg5 22. Nxg5 Bxc3 23. bxc3 Rxc3 24. h6 Rxd3 25. Qxd3 Bb5 26. Qa3 g6 27. Qe7 Rd7 28. Qf6 1-0

[Event "*** SCC Grand Prix: Titled Tuesday Blitz"]
[Site "Chess.com"]
[Date "2020.10.06"]
[Round "9"]
[White "Andreikka"]
[Black "GiantThresher"]
[Result "0-1"]
[WhiteElo "2889"]
[BlackElo "2820"]
[TimeControl "180+1"]
[EndTime "11:45:54 PDT"]
[Termination "GiantThresher won on time"]

1. c4 e6 2. Nc3 d5 3. d4 c5 4.
cxd5 exd5 5. dxc5 Nf6 6. Bg5 Bxc5 7. e3 Nc6 8. Nf3 O-O 9. Be2 d4 10. exd4 Nxd4 11. Nxd4 Bxd4 12. O-O h6 13. Bh4 Be6 14. Bf3 Rc8 15. Re1 b6 16. Qc2 Qc7 17. Rec1 Qe5 18. Qa4 b5 19. Qa5 b4 20. Qxb4 Qf4 21. Be4 Nxe4 0-1